 Dungeon Crawl Stone Soup version 0.28.0 (webtiles) character file.

Game seed: 2732102489090715000

69 SnakkuSnakku7 the Ducker (level 4, -8/33 HPs)
             Began as a Djinni Gladiator on Feb 10, 2022.
             Killed by nerve-wracking pain
             ... invoked by an orc priest
              (14 damage)
             ... on level 2 of the Dungeon.
             The game lasted 00:01:56 (1964 turns).

SnakkuSnakku7 the Ducker (Djinni Gladiator)         Turns: 1964, Time: 00:01:57

Health: -8/33      AC:  4    Str: 13    XL:     4   Next: 42%
Gold:   52         EV: 12    Int: 12    God:
                   SH:  0    Dex: 14

rFire   + + .      SeeInvis .   f - +2 short sword (drain)
rCold   x . .      Faith    .   (no shield)
rNeg    . . .      Spirit   .   b - +0 leather armour
rPois   ∞          Reflect  .   c - +0 helmet
rElec   .          Harm     .   (no cloak)
rCorr   .          Rampage  .   (no gloves)
Will    .....                   (boots unavailable)
Stlth   +.........              (no amulet)
HPRegen 0.11/turn               (no ring)
MPRegen 0.00/turn               (no ring)

@: flying
A: sickness immunity, fire resistance 2, cold vulnerability 1, float, innate
caster, HP casting, extra vitality 1
a: no special abilities


You were on level 2 of the Dungeon.
You visited 1 branch of the dungeon, and saw 4 of its levels.

You collected 52 gold pieces.

Inventory:

Hand Weapons
 a - a +0 quarterstaff
 f - a +2 short sword of draining (weapon)
Missiles
 d - 3 throwing nets (quivered)
 l - 3 poisoned darts
Armour
 b - a +0 leather armour (worn)
 c - a +0 helmet (worn)
Scrolls
 g - a scroll of identify {unknown}
 h - a scroll of magic mapping {unknown}
 i - a scroll of vulnerability {unknown}
 k - 4 scrolls of teleportation {unknown}
Potions
 e - a potion of mutation {unknown}
 j - a potion of degeneration {unknown}
 m - a potion of resistance {unknown}
 n - a potion of haste {unknown}


   Skills:
 - Level 2.0 Fighting
 - Level 2.6 Staves
 - Level 1.5 Throwing
 - Level 3.2 Dodging
 + Level 2.7 Spellcasting


You had 7 spell levels left.
You knew the following spells:

 Your Spells              Type           Power      Damage    Failure   Level
a - Summon Small Mammal   Summ           32%        N/A       11%         1
Your spell library was empty.

Dungeon Overview and Level Annotations

Branches:
Dungeon (4/15)
 Temple: D:4-7

Altars:
Qazlal


Innate Abilities, Weirdness & Mutations

You are immune to sickness and miasma.
You are immune to poison.
Your flesh is very heat resistant. (rF++)
You are vulnerable to cold. (rC-)
You float through the air rather than walking.
You learn spells naturally, not from books.
Your magical power is your life essence.
You have superior vitality. (+4 MHP)


Message History

The orc priest is moderately wounded.
The adder closely misses you. The kobold closely misses you.
The orc priest hits you with a +0 whip. The adder bites you but does no damage.
You hit the orc priest but do no damage.
Your punch misses the orc priest.
The orc priest is moderately wounded.
The adder misses you. The kobold hits you but does no damage.
The orc priest closely misses you.
You barely miss the orc priest.
The orc priest is lightly wounded.
The adder bites you but does no damage. The kobold barely misses you.
The orc priest invokes the aid of Beogh against you.
Beogh smites you!
You hit the orc priest. You drain the orc priest.
The orc priest is heavily wounded.
The adder barely misses you. The kobold closely misses you.
The orc priest closely misses you. The adder barely misses you.
You closely miss the orc priest.
The orc priest is moderately wounded.
The adder bites you but does no damage. The kobold closely misses you.
The orc priest closely misses you.
You hit the orc priest.
The orc priest is heavily wounded.
The adder barely misses you. The kobold closely misses you.
The orc priest hits you but does no damage.
The adder closely misses you.
You hit the orc priest.
The orc priest is heavily wounded.
The kobold hits you but does no damage. The adder barely misses you.
The orc priest hits you with a +0 whip.
* * * LOW HITPOINT WARNING * * *
You hit the orc priest.
You punch the orc priest, but do no damage.
The orc priest is severely wounded.
The adder bites you.
* * * LOW HITPOINT WARNING * * *
The kobold barely misses you.
The orc priest invokes the aid of Beogh against you.
Pain shoots through your body!
You die...

#################### #
#..................#
####.################.#
...........###### #.#
.###............# #.# .#
#..####.####.# #.#
.###..####.## #S#####.###
............###K@.......#
...............o......#.#
#.##...###..#.###.#...#.#
#.###..###..#.# #.#..##.#
#.##.....#..#.# #.#..##.#
#.##.....#....# #.#..##.#
..............#
#<#..##.###
#.##.....##.#.#
#.#.......#
#.##..)).##.#.#
#.#...###.#


You could see an orc priest (drained), an adder and a kobold.

Vanquished Creatures
  3 adders (D:2)
  2 dart slugs
  An orc (D:4)
  3 ball pythons
  A bat (D:1)
  2 endoplasms
  2 giant cockroaches (D:1)
  6 goblins
  4 hobgoblins
  2 quokkas (D:2)
  6 frilled lizards
  7 kobolds
  4 rats
43 creatures vanquished.

Vanquished Creatures (others)
  5 plants (D:3)
  5 toadstools (D:3)
10 creatures vanquished.

Grand Total: 53 creatures vanquished

Notes
Turn   | Place    | Note
-------+----------+-------------------------------------------
     0 | D:1      | SnakkuSnakku7 the Djinni Gladiator began the quest for the
                  | Orb.
     0 | D:1      | Reached XP level 1. HP: 18/18 MP: 0/0
    65 | D:1      | Found a faded altar of an unknown god.
   241 | D:1      | Reached skill level 1 in Spellcasting
   241 | D:1      | Reached XP level 2. HP: 23/23 MP: 0/0
   532 | D:1      | Reached XP level 3. HP: 28/28 MP: 0/0
   532 | D:1      | Learned a level 1 spell: Summon Small Mammal
   919 | D:2      | You are sucked into a shaft and drop 2 floors!
  1141 | D:2      | Reached XP level 4. HP: 27/33 MP: 0/0
  1825 | D:2      | Found a stormy altar of Qazlal.
  1964 | D:2      | Killed from afar by an orc priest

Illustrated notes

Levels and vault maps discovered:
D:1:      amcnicky_arrival_double_pillar, layout_basic,
          shapermc_ecumenical_altar_rom_forum
D:2:      layout_loops_ring, basic_altar, nicolae_underground_beach
D:3:      layout_rooms, serial_rivers, chequers_serial_rivers_small_3,
          chequers_serial_rivers_micro_c, chequers_serial_rivers_micro_a,
          chequers_serial_rivers_micro_a, chequers_serial_rivers_small_a,
          chequers_serial_rivers_room_a, minmay_gold_behind_fungi,
          minmay_lizard_king, uniq_terence, uniq_ijyb
D:4:      nicolae_cairo_tiling_very_big, layout_loops_cross,
          mainiacjoe_overflow_small_starburst, gammafunk_temple_overflow_claw

Skill      XL: |  1  2  3 |
---------------+----------+-----
Spellcasting   | 1 2 |  2.7
Fighting       | |  2.0
Staves         | |  2.6
Throwing       | |  1.5
Dodging        | |  3.2

Action                   |  1- 3 |  4- 6 || total
-------------------------+-------+-------++-------
Melee: Short sword       |    62 |    33 ||    95
       Quarterstaff      |     3 |       ||     3
       Punch             |       |     1 ||     1
 Stab: Sleeping          |     2 |       ||     2
Armor: Leather armour    |     9 |    17 ||    26
Dodge: Dodged            |    45 |    32 ||    77
